 Dungeon Crawl Stone Soup version 0.24.0-13-gcf9b3192b9 (console) character file.

Game seed: 10088644797462896777, levelgen mode: deterministic

32 AlterAsc the Insei (level 3, -4/21 HPs)
             Began as a Tengu Transmuter on Nov 5, 2019.
             Slain by a scorpion (5 damage)
             ... on level 1 of the Dungeon.
             The game lasted 00:02:39 (919 turns).

AlterAsc the Insei (Tengu Transmuter)                Turns: 919, Time: 00:02:40

Health: -4/21      AC:  3    Str: 11    XL:     3   Next: 27%
Magic:  6/7        EV: 15    Int: 13    God:
Gold:   36         SH:  0    Dex: 14    Spells: 5/6 levels left

rFire    . . .     SeeInvis .     - Unarmed
rCold    . . .     Gourm    .   (no shield)
rNeg     . . .     Faith    .   l - +0 leather armour
rPois    .         Spirit   .   (helmet restricted)
rElec    .         Reflect  .   (no cloak)
rCorr    .         Harm     .   (no gloves)
MR       .....                  (boots unavailable)
Stlth    +.........             e - amulet of regeneration
HPRegen  0.47/turn              (no ring)
MPRegen  0.10/turn              (no ring)

@: lethally poisoned (-4 -> -10), appendage (expiring), flying quickly and
evasively, hasted, very quick
A: beak, horns 2, talons 3
a: End Transformation


You were on level 1 of the Dungeon.
You were not hungry.
You had grown temporary horns.
You visited 1 branch of the dungeon, and saw 2 of its levels.

You collected 36 gold pieces.

Inventory:

Missiles
 a - 26 arrows
Armour
 b - a +0 robe
 i - a cursed -1 ring mail
 l - a +0 leather armour (worn)
Jewellery
 e - an amulet of regeneration (around neck)
Scrolls
 c - 3 scrolls of blinking {unknown}
 h - 3 scrolls of identify {unknown}
Potions
 g - a potion of cancellation {unknown}
 j - a potion of haste
Comestibles
 d - 2 rations


   Skills:
 * Level 1.9 Fighting
 + Level 2.6 Dodging
 * Level 3.9 Unarmed Combat
 - Level 2.0 Spellcasting
 - Level 1.6 Transmutations


You had 5 spell levels left.
You knew the following spells:

 Your Spells              Type           Power        Failure   Level  Hunger
a - Beastly Appendage     Tmut           #.....       17%         1    ##.....

Your spell library contained the following spells:

 Spells                   Type           Power        Failure   Level  Hunger
 Sticks to Snakes         Tmut           #.......     26%         2    ###....
 Spider Form              Tmut/Pois      #.........   58%         3    ####...
 Ice Form                 Ice/Tmut       #.......     94%         4    #####..
 Blade Hands              Tmut           #.........   99%         5    ######.


Dungeon Overview and Level Annotations

Branches:
Dungeon (2/15)

Altars:


Innate Abilities, Weirdness & Mutations

You have a beak for a mouth.
You have claws for feet.
You have a pair of horns on your head.


Message History

You are poisoned.
The scorpion poisons you!
Your transformation is almost over.
You feel sick. The bat hits you. The scorpion stings you!
* * * LOW HITPOINT WARNING * * *
You are lethally poisoned!
The scorpion poisons you!
You climb upwards.
* * * LOW HITPOINT WARNING * * *
You feel sick.
There is a stone staircase leading down here.
It was a potion of haste.
You feel yourself speed up.
* * * LOW HITPOINT WARNING * * *
You feel sick. The scorpion misses you.
It was a potion of flight.
You feel very buoyant.
You swoop lightly up into the air.
* * * LOW HITPOINT WARNING * * *
You feel sick. The scorpion stings you.
You die...

##'## #...###.##.#
#.###.# #.#
#..........#
#....## #.#
#.......####
#.#### ####
######### #.# ####
# ###≈≈≈# #.# #...
# ##≈≈≈≈#
#.####.## #
##≈≈≈≈# #........
########≈≈≈≈######
######.#.
.......≈≈≈≈.....@#
#.#.
.......≈≈≈......s#
#.##
.......≈≈≈.......#
#...
......≈≈≈≈.......#
####
......≈≈≈≈.......#
......≈≈≈≈.......#
......≈≈≈........#
......≈≈≈........#
.....≈≈≈≈.......<#
#


You could see a scorpion.

Vanquished Creatures
  An ooze (D:1)
  2 leopard geckos (D:1)
  3 bats (D:1)
  2 giant cockroaches (D:1)
  A goblin (D:1)
  3 hobgoblins (D:1)
  2 jackals (D:1)
  8 frilled lizards (D:1)
  A kobold (D:1)
  3 rats (D:1)
26 creatures vanquished.

Notes
Turn   | Place    | Note
-------+----------+-------------------------------------------
     0 | D:1      | AlterAsc the Tengu Transmuter began the quest for the Orb.
     0 | D:1      | Reached XP level 1. HP: 12/12 MP: 4/4
   138 | D:1      | Reached XP level 2. HP: 16/16 MP: 6/6
   510 | D:1      | Reached XP level 3. HP: 21/21 MP: 5/7
   912 | D:2      | Noticed a scorpion
   919 | D:1      | HP: 1/21 [poisoned by a scorpion]
   919 | D:1      | Slain by a scorpion

Levels and vault maps discovered:
D:1:      lemuel_arrival_river_ford, layout_loops_corners
D:2:      minmay_alternating_diamond, layout_rooms, lemuel_crystal_altar,
          minmay_fractal_squares_5, uniq_sigmund, uniq_natasha

Action                   || total
-------------------------++-------
Melee: Unarmed           ||    53
       Kick              ||    14
       Headbutt          ||     5
       Peck              ||     5
 Cast: Beastly Appendage ||    15
  Use: Potion            ||     2
 Stab: Sleeping          ||     1
Armor: Robe              ||     6
Dodge: Dodged            ||    31
